AoeStats
← Niko0

Arabia

510372625Analyzed
1v1 RM · 2d ago on Sep 30, 2026· 55m 40s· 2 players
Game mode
Random Map
Map size
Tiny (2 player)
Population
200
Speed
Normal
Resources
Standard
Victory
Conquest
Starting age
Dark Age
Ending age
Imperial Age
RankedLock teamsTeams togetherTeam positionsShared explorationLock speedFull tech treeHidden civsTurbo modeCheats
Victory
Defeat
🇬🇹 Maya · Guatemala
908
+15
🇦🇷 Burmese · Argentina
891
-15
Niko0
10:24 Feudal Age
11:09 Horse Collar
14:40 Loom
15:50 Bloodlines
16:19 Forging
18:32 Scale Barding Armor
22:56 Castle Age
20:49 Town Watch
21:40 Wheelbarrow
23:45 Heavy Plow
24:02 Husbandry
26:26 Hand Cart
29:50 Fletching
31:36 Elite Skirmisher
32:22 Gold Mining
32:26 Stone Mining
33:39 Iron Casting
41:13 Imperial Age
40:55 Gold Shaft Mining
41:27 Chain Barding Armor
41:18 Elite Arambai
42:25 Conscription
43:15 Chemistry
43:53 Blast Furnace
43:31 Plate Barding Armor
42:52 Bodkin Arrow
43:34 Manipur Cavalry
44:21 Capped Ram
46:23 Blast Furnace
45:24 Bracer
51:41 Murder Holes
52:07 Ballistics
Glacier
0:29 Loom
10:19 Feudal Age
10:51 Double-Bit Axe
10:54 Horse Collar
12:39 Wheelbarrow
18:27 Castle Age
18:10 Forging
18:58 Scale Mail Armor
19:15 Squires
21:33 Bow Saw
22:26 Heavy Plow
22:59 Stone Mining
22:59 Gold Mining
23:37 Fletching
26:31 Bodkin Arrow
27:07 Town Watch
29:05 Padded Archer Armor
29:03 Pikeman
29:26 Eagle Warrior
30:37 Masonry
30:23 Murder Holes
31:27 Iron Casting
34:54 Imperial Age
33:27 Thumb Ring
34:08 Ballistics
34:18 Chain Mail Armor
36:30 Bracer
38:47 Elite Eagle Warrior
40:41 Plate Mail Armor
40:36 Conscription
41:59 Hoardings
42:12 Holcans
42:25 Halberdier
43:34 Block Printing
43:05 Elite Plumed Archer
45:39 Architecture
46:10 Chemistry
50:12 Blast Furnace
49:28 Leather Archer Armor
51:23 Crop Rotation
51:10 Hand Cart
Connection lost

Rejoining the realm…

Still unreachable

The connection could not be restored.

Session expired

The server has moved on; the page needs a fresh start.